 Dungeon Crawl Stone Soup version 0.30-b1-2-g02819fbbbe (webtiles) character file.

Game seed: 9305221353272981045

107741 Alarkh the Marksdemonspawn (level 16, -8/127 HPs)
             Began as a Demonspawn Hunter on May 23, 2023.
             Was a Believer of Uskayaw.
             Killed from afar by an Ice Fiend (15 damage)
             ... with a bolt of cold
             ... in an ice cave.
             The game lasted 01:07:34 (22249 turns).

Alarkh the Marksdemonspawn (Demonspawn Hunter)     Turns: 22249, Time: 01:07:34

Health: -8/127     AC: 20    Str: 12      XL:     16   Next: 1%
Magic:  27/27      EV: 17    Int: 16 (18) God:    Uskayaw [**....]
Gold:   1639       SH:  4    Dex: 17      Spells: 15/15 levels left

rFire   + .          .
                       - Unarmed
rCold   + . .        (no shield)
rNeg    . . .        k - +4 swamp dragon scales
rPois   +            j - +1 hat of Dice, Bag, and Bottle {rElec}
rElec   +            s - +0 cloak
rCorr   +            (gloves unavailable)
SInv    +            (no boots)
Will    +....        B - amulet of regeneration
Stlth   ++           U - +5 ring of evasion
HPRegen 1.21/turn    P - ring of see invisible
MPRegen 0.20/turn

%: no passive effects
@: resistant
A: claws 3, yellow scales 1, icemail 1, powered by death 2, condensation shield,
wild magic 1, noise suppression
a: Renounce Religion, Stomp, Line Pass


You were in an ice cave.
You worshipped Uskayaw.
Uskayaw was pleased with you.
You visited 4 branches of the dungeon, and saw 23 of its levels.
You also visited: Ossuary and Ice Cave.

You collected 3033 gold pieces.
You spent 1394 gold pieces at shops.

Inventory:

Hand Weapons
 b - the +10 arbalest "Huczut" {heavy, Str+3}
   (You bought it in a shop on level 2 of the Orcish Mines)

   Str:       It affects your strength (+3).
Missiles
 a - 3 throwing nets
Armour
 e - a +0 crystal plate armour of cold resistance
 f - the +0 pair of gloves of the Orcish Mines {rC+}
   (You found it on level 10 of the Dungeon)

   rC:        It protects you from cold.
 j - the +1 hat of Dice, Bag, and Bottle (worn) {rElec}
   (You found it in an ice cave)

   rElec:     It insulates you from electricity.
 k - +4 swamp dragon scales (worn)
 o - a +2 pair of gloves of strength
 s - a +0 cloak (worn)
 I - a +0 hat of willpower
Jewellery
 m - a ring of resist corrosion
 B - an amulet of regeneration (around neck)
 P - a ring of see invisible (right claw)
 U - a +5 ring of evasion (left claw)
Wands
 c - a wand of flame (58)
 q - a wand of paralysis (5)
 E - a wand of digging (6)
 G - a wand of mindburst (11)
 L - a wand of light (5)
 S - a wand of iceblast (3)
 T - a wand of polymorph (7)
Scrolls
 d - a scroll of teleportation
 g - a scroll of poison
 p - a scroll of summoning
 r - 3 scrolls of identify
 z - 4 scrolls of magic mapping
 C - a scroll of fear
 M - a scroll of fog
Potions
 h - 2 potions of resistance
 l - 17 potions of curing
 u - 3 potions of flight
 x - 2 potions of cancellation
 A - a potion of heal wounds
Miscellaneous
 i - a phial of floods
 n - a piece from Xom's chessboard (15/15)
 R - a phantom mirror


   Skills:
 + Level 11.8 Fighting
 - Level 18.0 Ranged Weapons
 - Level 4.0 Armour
 - Level 4.2 Dodging
 - Level 4.2 Stealth
 * Level 14.9 Unarmed Combat
 + Level 14.9 Invocations


You had 15 spell levels left.
You didn't know any spells.
Your spell library contained the following spells:

 Spells                   Type           Power      Damage    Failure   Level
 Freeze                   Ice            0%         1d3       56%         1
 Magic Dart               Conj           0%         1d3       56%         1
 Summon Small Mammal      Summ           0%         N/A       56%         1
 Call Imp                 Summ           0%         N/A       71%         2
 Cigotuvi's Dreadful Rot  Necr/Pois/Air  0%         N/A       71%         2
 Sublimation of Blood     Necr           0%         N/A       71%         2
 Wereblood                Tmut           0%         N/A       71%         2
 Call Canine Familiar     Summ           0%         N/A       89%         3
 Frozen Ramparts          Ice            0%         1d1       89%         3
 Hailstorm                Conj/Ice       0%         3d3       89%         3
 Ignite Poison            Fire/Tmut/Pois 0%         N/A       89%         3
 Mephitic Cloud           Conj/Pois/Air  0%         N/A       89%         3
 Summon Guardian Golem    Hex/Summ       0%         N/A       89%         3
 Vhi's Electric Charge    Tloc/Air       0%         N/A       89%         3
 Summon Ice Beast         Ice/Summ       0%         N/A       99%         4
 Arcjolt                  Conj/Air       0%         1d10      100%        5
 Freezing Cloud           Conj/Ice/Air   0%         6-21      100%        5
 Summon Mana Viper        Hex/Summ       0%         N/A       100%        5
 Plasma Beam              Fire/Air       0%         2x1d11    100%        6
 Monstrous Menagerie      Summ           0%         N/A       100%        7
 Summon Hydra             Summ           0%         N/A       100%        7


Dungeon Overview and Level Annotations

Branches:
Dungeon (15/15)            Temple (1/1) D:5            Lair (5/5) D:9
 Shoals (0/4) Lair:2       Spider (0/4) Lair:3        Slime (0/5) Lair:4
    Orc (2/2) D:12            Elf (0/3) Orc:2        Vaults (0/5) D:13
 Depths (0/4) D:15        Ossuary (visited)           IceCv (1/1)

Altars:
Ashenzari
Cheibriados
Dithmenos
Fedhas
Gozag
Hepliaklqana
Kikubaaqudgha
Makhleb
Nemelex Xobeh
Okawaru
Qazlal
Ru
Sif Muna
Trog
Uskayaw
Vehumet
Wu Jian
Xom
Yredelemnul
Jiyva
Lugonu

Shops:
D:1 ?   D:3 =   D:14 (   Orc:2 :(?*

Portals:
Abyss: Lair:2 Lair:5
Pandemonium: Orc:2

Annotations:
Lair:2 2 transporters, exclusion: door, Alarkh's ghost, journeyman DsDe


Innate Abilities, Weirdness & Mutations

You have claws for hands.
You are partially covered in yellow scales. (AC +2)
A meltable icy envelope protects you from harm. (AC +4)
You regenerate health from kills.
A meltable shield of frost defends you. (SH +4)
Your spells are a little harder to cast, but a little more powerful.
You passively dampen the noise of your surroundings.


Message History

Found three items.
You see here a +0 crystal plate armour of cold resistance.
e - a +0 crystal plate armour of cold resistance You see here 2 curare-tipped darts.
You see here a +2 pair of gloves of strength.
o - a +2 pair of gloves of strength
l - 17 potions of curing (gained 2)
You see here a +0 broad axe of freezing.
Done exploring.
Done exploring.
The Ice Fiend roars!
The Ice Fiend calls on the powers of darkness!
Your body is wracked with pain!
You feel protected.
You are now empty-clawed.
You scratch the Ice Fiend but do no damage.
The Ice Fiend completely misses you. The Ice Fiend barely misses you.
You scratch the Ice Fiend but do no damage.
You mangle the Ice Fiend!!
The Ice Fiend is moderately wounded.
The Ice Fiend closely misses you. The Ice Fiend barely misses you.
You claw the Ice Fiend! x2
The Ice Fiend is moderately wounded.
The Ice Fiend calls on the powers of darkness!
Your body is wracked with pain!
You can now pass through a line of other dancers.
You claw the Ice Fiend!
The Ice Fiend is heavily wounded.
The Ice Fiend claws you but does no damage.
The Ice Fiend claws you!
* * * LOW HITPOINT WARNING * * *
The Ice Fiend freezes you!! You resist.
* * * LOW HITPOINT WARNING * * *
You claw the Ice Fiend!
The Ice Fiend is severely wounded.
You mangle the Ice Fiend!!
The Ice Fiend is severely wounded.
The Ice Fiend gestures at you. The bolt of cold hits you! You resist.
You die...

..####§..#...# ##÷#.##..#
.........#...# ##....#..#
#........#...###....##1.#
##..#..###....##....#..##
##..#.##......##...##..#
##..#.#..§..#..##).#..##
####..☼§§#.###..####..#
#..§§#☼..# #...###.##
#.§..§§§## ##.@#..##
##§○§.§.# ##.1..#
#.....## ##..## ##...##
#### ##.## ###


You could see an Ice Fiend.

Vanquished Creatures
  An Ice Fiend (IceCv)
  9 hydras
  Fannar (Orc:1)
  Harold (Orc:1)
  4 vault guards (D:13)
  An ogre mage (D:13)
  2 centaur warriors (D:14)
  3 boulder beetles
  2 demonspawn (Orc:2)
  5 two-headed ogres
  A death knight (D:14)
  11 death yaks
  A tengu warrior (D:13)
  6 orc high priests (Orc:2)
  2 thrashing horrors (Lair:5)
  Urug (Orc:2)
  A skeletal warrior (D:14)
  Lodul (D:11)
  A bog body (IceCv)
  An obsidian statue (IceCv)
  An orange crystal statue (IceCv)
  A wizard (D:14)
  7 orc knights
  A deep elf archer (D:13)
  2 spriggan simulacra (IceCv)
  Pikel (D:8)
  5 deep elf pyromancers
  9 orc sorcerers
  6 deep elf zephyrmancers
  7 ugly things
  3 manticores
  A wolf spider (shapeshifter) (Lair:5)
  5 cyclopes
  9 elephants (Lair:5)
  A rust devil (Orc:2)
  Maurice (Orc:1)
  2 smoke demons
  3 black mambas
  A gargoyle (D:13)
  Joseph (Lair:1)
  5 torpor snails
  Maggie (Lair:2)
  5 rime drakes
  9 cane toads
  A tengu conjurer (D:13)
  9 komodo dragons
  2 unseen horrors
  9 freezing wraiths
  A yaktaur (D:13)
  6 ice devils (IceCv)
  An ancient zyme (Lair:5)
  A red devil (Orc:2)
  5 polar bears
  A meliai (D:14)
  10 trolls
  2 hornets
  14 blink frogs (Lair:5)
  2 raiju (shapeshifter) (Lair:5)
  12 dream sheep
  9 slime creatures
  A spriggan (shapeshifter) (D:14)
  A jumping spider (shapeshifter) (D:14)
  2 large abominations (Lair:5)
  A centaur simulacrum (D:14)
  A ynoxinul (Lair:5)
  2 dire elephant simulacra (IceCv)
  5 wyverns
  3 shadows
  3 spriggans
  5 wraiths
  28 yaks
  A human (D:13)
  A chaos spawn (Lair:5)
  11 small abominations (Lair:5)
  5 basilisks
  2 minotaur simulacra (IceCv)
  3 redbacks
  5 vampire mosquitoes
  2 wargs (Orc:2)
  2 harpy simulacra (IceCv)
  3 acid dragons
  8 water moccasins
  31 orc warriors
  An ice beast (D:6)
  A swamp drake (D:11)
  A black bear (Lair:4)
  2 sky beasts
  An alligator simulacrum (IceCv)
  A boggart (D:14)
  29 wolves
  15 ogres
  4 centaurs
  A phantom (D:5)
  3 lemures (D:8)
  4 kobold brigands
  16 bullfrogs
  3 deep troll simulacra (IceCv)
  2 gnoll sergeants
  2 scorpions
  A lindwurm simulacrum (IceCv)
  2 electric eels
  3 howler monkeys
  A crimson imp (D:11)
  A gnoll bouda (D:5)
  A jelly (D:6)
  21 orc priests
  2 hounds
  An iron imp (D:11)
  Ijyb (D:5)
  7 iguanas
  A sleepcap (D:6)
  20 orc wizards
  9 mummies
  Robin (D:3)
  25 gnolls
  6 adders
  3 shadow imps
  3 white imps
  2 worms (D:4)
  4 dart slugs
  83 orcs
  7 bats
  5 endoplasms
  6 giant cockroaches
  A gnoll zombie (Ossuary)
  11 goblins
  12 hobgoblins
  A jackal (D:4)
  4 quokkas
  A training dummy (D:14)
  4 ball pythons
  4 frilled lizards
  2 hobgoblin zombies (Ossuary)
  30 kobolds
  2 kobold zombies (Ossuary)
  3 orc zombies (Ossuary)
  7 rats
737 creatures vanquished.

Vanquished Creatures (collateral kills)
  A minotaur (Lair:2)
1 creature vanquished.

Vanquished Creatures (others)
  A deep elf pyromancer (Orc:1)
  An orc priest (Orc:1)
  3 bushes (Lair:4)
  43 fungi
  55 plants
  2 withered plants (D:10)
105 creatures vanquished.

Grand Total: 843 creatures vanquished

Notes
Turn   | Place    | Note
-------+----------+-------------------------------------------
     0 | D:1      | Alarkh the Demonspawn Hunter began the quest for the Orb.
     0 | D:1      | Reached XP level 1. HP: 16/16 MP: 1/1
    60 | D:1      | Reached skill level 4 in Ranged Weapons
    66 | D:1      | Found Jeemyosk's Magic Scroll Shoppe.
    86 | D:1      | Gained mutation: You have sharp fingernails. [demonic
                  | ancestry]
    86 | D:1      | Reached XP level 2. HP: 22/22 MP: 2/2
   556 | D:2      | Gained mutation: You regenerate a little health from kills.
                  | [demonic ancestry]
   556 | D:2      | Reached XP level 3. HP: 21/27 MP: 3/3
   626 | D:2      | Reached skill level 5 in Ranged Weapons
   901 | D:2      | Reached XP level 4. HP: 33/33 MP: 4/4
  1260 | D:3      | Reached XP level 5. HP: 38/38 MP: 5/5
  1271 | D:3      | Reached skill level 6 in Ranged Weapons
  1398 | D:3      | Noticed Robin
  1406 | D:3      | Killed Robin
  1693 | D:3      | Found Ylis Gomp's Jewellery Shop.
  1830 | D:3      | Gained mutation: You regenerate health from kills. [demonic
                  | ancestry]
  1830 | D:3      | Reached XP level 6. HP: 44/44 MP: 6/6
  2040 | D:4      | Noticed a sky beast
  2130 | D:4      | You fall into a shaft and drop 2 floors!
  2168 | D:5      | Entered Level 5 of the Dungeon
  2168 | D:5      | Noticed Ijyb
  2195 | D:6      | Noticed an orc warrior
  2223 | D:6      | Killed an orc warrior
  2224 | D:6      | Reached skill level 7 in Ranged Weapons
  2243 | D:6      | Found a sand-covered staircase.
  2256 | Ossuary  | Entered an ossuary
  2487 | D:6      | Reached XP level 7. HP: 36/50 MP: 7/7
  2644 | D:6      | Reached skill level 8 in Ranged Weapons
  2765 | D:4      | Identified the +0 ring mail of a bazaar {rF+ Int+5 Dex+3}
  2908 | D:4      | Found a hazy altar of Hepliaklqana.
  3363 | D:5      | Found a staircase to the Ecumenical Temple.
  3389 | D:5      | Reached skill level 9 in Ranged Weapons
  3474 | D:5      | Killed Ijyb
  3498 | D:5      | Reached XP level 8. HP: 56/56 MP: 8/8
  3554 | D:5      | Reached skill level 10 in Ranged Weapons
  3674 | D:5      | Found a basalt altar of Yredelemnul.
  3674 | D:5      | Found a sparkling altar of Nemelex Xobeh.
  3689 | Temple   | Entered the Ecumenical Temple
  3776 | D:5      | Found a radiant altar of Vehumet.
  3998 | D:6      | Reached skill level 11 in Ranged Weapons
  4764 | D:7      | Reached skill level 12 in Ranged Weapons
  4803 | D:7      | Gained mutation: You are partially covered in yellow
                  | scales. (AC +2) [demonic ancestry]
  4803 | D:7      | Reached XP level 9. HP: 61/61 MP: 9/9
  4907 | D:7      | Found an opulent altar of Gozag.
  4934 | D:7      | Gained mutation: Your body sometimes deteriorates upon
                  | taking damage. [potion of mutation]
  4999 | D:7      | Reached skill level 13 in Ranged Weapons
  5001 | D:7      | Noticed a +0 dagger
  5001 | D:7      | Noticed a +0 falchion
  5257 | D:7      | Noticed a +0 falchion
  5257 | D:7      | Noticed a +0 spear
  5258 | D:7      | Noticed a +0 spear
  5258 | D:7      | Noticed a +0 short sword
  5259 | D:7      | Noticed a +0 short sword
  5260 | D:7      | Noticed a +0 dagger
  5275 | D:7      | Found a hide-covered altar of Uskayaw.
  5371 | D:7      | Became a worshipper of Uskayaw the Reveller
  5403 | D:8      | Reached * piety under Uskayaw
  5415 | D:8      | Reached ** piety under Uskayaw
  5417 | D:8      | Reached skill level 14 in Ranged Weapons
  5566 | D:8      | Reached *** piety under Uskayaw
  5572 | D:8      | Reached **** piety under Uskayaw
  5644 | D:8      | Reached skill level 15 in Ranged Weapons
  5654 | D:8      | Reached ***** piety under Uskayaw
  5664 | D:8      | Reached skill level 16 in Ranged Weapons
  5840 | D:8      | Noticed Pikel
  5846 | D:8      | Killed Pikel
  5847 | D:8      | Reached skill level 1 in Unarmed Combat
  5847 | D:8      | Reached skill level 1 in Invocations
  5847 | D:8      | Gained mutation: A meltable shield of frost defends you.
                  | (SH +4) [demonic ancestry]
  5847 | D:8      | Reached XP level 10. HP: 68/68 MP: 9/11
  6299 | D:9      | Noticed a two-headed ogre
  6307 | D:9      | Killed a two-headed ogre
  6625 | D:9      | Found a staircase to the Lair.
  6635 | Lair:1   | Entered Level 1 of the Lair of Beasts
  6840 | Lair:1   | Noticed Joseph
  6847 | Lair:1   | Killed Joseph
  7500 | Lair:2   | Noticed Maggie
  7500 | Lair:2   | Noticed an eight-headed hydra
  7554 | Lair:2   | Killed Maggie
  7629 | Lair:2   | Noticed a cane toad
  7629 | Lair:2   | Noticed a black mamba
  7639 | Lair:2   | Killed a cane toad
  7640 | Lair:2   | Gained mutation: You have very sharp fingernails. [demonic
                  | ancestry]
  7640 | Lair:2   | Reached XP level 11. HP: 70/77 MP: 14/14
  7757 | Lair:2   | Found a transporter.
  7773 | Lair:2   | Reached skill level 5 in Unarmed Combat
  7773 | Lair:2   | Reached skill level 5 in Invocations
  7918 | Lair:2   | Found a runed translucent door.
  7970 | Lair:2   | Found a staircase to the Shoals.
  8171 | Lair:2   | Found a transporter.
  8186 | Lair:2   | Killed an eight-headed hydra
  8398 | Lair:2   | Noticed a wretched star
  8406 | Lair:2   | Found a one-way gate to the infinite horrors of the Abyss.
  8406 | Lair:2   | Noticed Alarkh's ghost (journeyman DsDe)
  8406 | Lair:2   | Noticed a thrashing horror
  8683 | Lair:2   | Noticed a minotaur
  9217 | Lair:2   | Killed a minotaur
  9218 | Lair:2   | Reached skill level 5 in Fighting
  9218 | Lair:2   | Reached skill level 17 in Ranged Weapons
  9354 | Lair:3   | Noticed a death yak
  9362 | Lair:3   | Noticed a death yak
  9422 | Lair:2   | Noticed a soul eater
  9489 | Lair:3   | Reached ****** piety under Uskayaw
  9622 | Lair:3   | Noticed an eight-headed hydra
  9630 | Lair:3   | Killed an eight-headed hydra
  9815 | Lair:3   | Reached skill level 1 in Stealth
  9879 | Lair:3   | Reached XP level 12. HP: 68/87 MP: 17/17
 10084 | Lair:3   | Noticed a death yak
 10085 | Lair:3   | Noticed a death yak
 10085 | Lair:3   | Noticed a death yak
 10107 | Lair:2   | Killed a death yak
 10108 | Lair:2   | Reached skill level 1 in Armour
 10176 | Lair:3   | Noticed a death yak
 10185 | Lair:2   | Killed a death yak
 10265 | Lair:3   | Found a hole to the Spider Nest.
 10315 | Lair:2   | Killed a death yak
 10371 | Lair:3   | Killed a death yak
 10866 | Lair:2   | Killed a death yak
 11050 | Lair:4   | Noticed a boulder beetle
 11063 | Lair:4   | Killed a boulder beetle
 11408 | Lair:4   | Noticed a death yak
 11410 | Lair:4   | Noticed a death yak
 11530 | Lair:4   | Killed a death yak
 11583 | Lair:4   | Noticed a death yak
 11921 | Lair:4   | Found a viscous altar of Jiyva.
 11921 | Lair:4   | Found a staircase to the Slime Pits.
 12228 | Lair:5   | Entered Level 5 of the Lair of Beasts
 12311 | Lair:5   | Reached XP level 13. HP: 58/95 MP: 19/19
 12478 | Lair:5   | Identified the +5 chain mail "Huwnop" {rC++}
 12620 | Lair:5   | Reached skill level 18 in Ranged Weapons
 13408 | Lair:5   | Reached skill level 10 in Invocations
 13457 | Lair:5   | Reached skill level 10 in Unarmed Combat
 13821 | Lair:5   | Found a corrupted altar of Lugonu.
 14084 | Lair:5   | Gained mutation: A meltable icy envelope protects you from
                  | harm. (AC +4) [demonic ancestry]
 14084 | Lair:5   | Reached XP level 14. HP: 52/106 MP: 20/22
 14686 | D:1      | Bought a scroll of enchant armour for 97 gold pieces
 14961 | D:10     | Entered Level 10 of the Dungeon
 14969 | D:10     | Identified the +0 pair of gloves of the Orcish Mines {rC+}
 15187 | D:10     | Identified the +10 dagger of Gozag, Usurping {speed, Str+3
                  | Dex+3 SInv}
 15498 | D:10     | Found an ancient bone altar of Kikubaaqudgha.
 15800 | D:11     | Noticed Lodul
 15805 | D:11     | Killed Lodul
 16407 | D:12     | Found a blossoming altar of Fedhas.
 16861 | D:12     | Found a staircase to the Orcish Mines.
 16946 | D:13     | Paralysed by an orc sorcerer for 2 turns
 17354 | D:13     | Reached skill level 10 in Fighting
 17637 | D:13     | Found a gate to the Vaults.
 18198 | D:14     | Reached XP level 15. HP: 116/116 MP: 24/24
 18340 | D:14     | Found Ateffa's Firing Range.
 18715 | Orc:1    | Entered Level 1 of the Orcish Mines
 18715 | Orc:1    | Noticed Fannar
 18761 | Orc:1    | Noticed Maurice
 18763 | Orc:1    | Killed Fannar
 18769 | Orc:1    | Killed Maurice
 19049 | Orc:1    | Noticed Harold
 19191 | Orc:1    | Killed Harold
 19322 | Orc:2    | Entered Level 2 of the Orcish Mines
 19339 | Orc:2    | Noticed Urug
 19370 | Orc:2    | Killed Urug
 19566 | Orc:2    | Found Gabbaic's Magic Scroll Shoppe.
 19568 | Orc:2    | Found Xiotaul's General Store.
 19593 | Orc:2    | Bought a scroll of teleportation for 42 gold pieces
 19593 | Orc:2    | Bought a scroll of teleportation for 42 gold pieces
 19753 | Orc:2    | Found a staircase to the Elven Halls.
 19836 | Orc:2    | Found a runed translucent door.
 20106 | Orc:2    | Gained mutation: You have hidden genetic defects. [a
                  | neqoxec]
 20398 | Orc:2    | Found Kizoc's Book Shop.
 20398 | Orc:2    | Found Catar's Antique Weapon Boutique.
 20399 | Orc:2    | Found a one-way gate leading to the halls of Pandemonium.
 20547 | Orc:2    | Bought the +10 arbalest "Huczut" {heavy, Str+3} for 1213
                  | gold pieces
 21121 | D:14     | Gained mutation: You are clumsy. (Dex -2) [hidden defects]
 21446 | Lair:2   | Lost mutation: You have hidden genetic defects. [potion of
                  | mutation]
 21446 | Lair:2   | Lost mutation: Your body sometimes deteriorates upon taking
                  | damage. [potion of mutation]
 21446 | Lair:2   | Gained mutation: You are very clumsy. (Dex -4) [potion of
                  | mutation]
 21446 | Lair:2   | Gained mutation: You are strong-willed. (Will+) [potion of
                  | mutation]
 21446 | Lair:2   | Gained mutation: You are partially covered in large bone
                  | plates. (SH +4) [potion of mutation]
 21447 | Lair:2   | Lost mutation: You are very clumsy. (Dex -4) [potion of
                  | mutation]
 21447 | Lair:2   | Lost mutation: You are strong-willed. (Will+) [potion of
                  | mutation]
 21447 | Lair:2   | Lost mutation: You are partially covered in large bone
                  | plates. (SH +4) [potion of mutation]
 21447 | Lair:2   | Gained mutation: You do not regenerate when monsters are
                  | visible. [potion of mutation]
 21447 | Lair:2   | Gained mutation: You are occasionally teleported next to
                  | monsters. [potion of mutation]
 21447 | Lair:2   | Lost mutation: You are clumsy. (Dex -2) [potion of
                  | mutation]
 21448 | Lair:2   | Lost mutation: You are occasionally teleported next to
                  | monsters. [potion of mutation]
 21448 | Lair:2   | Lost mutation: You do not regenerate when monsters are
                  | visible. [potion of mutation]
 21448 | Lair:2   | Gained mutation: You passively dampen the noise of your
                  | surroundings. [potion of mutation]
 21448 | Lair:2   | Gained mutation: Your spells are a little harder to cast,
                  | but a little more powerful. [potion of mutation]
 21605 | D:15     | Entered Level 15 of the Dungeon
 21661 | D:15     | Found a staircase to the Depths.
 21676 | D:15     | Found a frozen archway.
 21688 | IceCv    | Entered an ice cave
 21884 | IceCv    | Identified the +1 hat of Dice, Bag, and Bottle {rElec}
 22008 | IceCv    | Noticed an Ice Fiend
 22027 | IceCv    | Killed an Ice Fiend
 22028 | IceCv    | Gained mutation: You have claws for hands. [demonic
                  | ancestry]
 22028 | IceCv    | Reached XP level 16. HP: 31/127 MP: 27/27
 22074 | IceCv    | Noticed an Ice Fiend
 22247 | IceCv    | HP: 5/127 [Ice Fiend (25)]
 22249 | IceCv    | Killed from afar by an Ice Fiend

Illustrated notes

Levels and vault maps discovered:
D:1:      lightli_arrival_chessboard, layout_rooms, serial_shops, shop
D:2:      layout_rooms, serial_bayou, serial_bayou_lake_a, serial_bayou_ford_a,
          serial_bayou_shore_a, serial_bayou_pond_a, hangedman_decor_lopped,
          minmay_hexomino_c4
D:3:      minmay_chambers_of_threes, layout_rooms, serial_shops, shop,
          uniq_robin
D:4:      minmay_general_purpose_star, layout_cave_pools, kennysheep_mini
D:5:      layout_rooms, nicolae_vehumet_radiance,
          gammafunk_temple_overflow_wave, temple_doors_e, minmay_manual_mess,
          uniq_ijyb
D:6:      layout_basic, gup_ossuary_entry_pyramid
D:7:      layout_cave_pools, nicolae_uskayaw_en_pointe, lemuel_tele_altar
D:8:      layout_loops_ring, uniq_pikel
D:9:      layout_cross, lair_entry_dummy
D:10:     layout_basic, kiku_gazebo_garden_becter, minmay_misc_feat_square
D:11:     layout_long_grid, hangedman_minor_magic, uniq_lodul
D:12:     layout_roguey, orc_0_dummy, fedhas_ov_isle_minmay
D:13:     wad_pebble_path, layout_rooms, grunt_vaults_entry_fortified
D:14:     four-leaf_vault, layout_cave_pools, serial_bayou_pond_b,
          nicolae_shop_firing_range
D:15:     grunt_enter_depths_giant_problem, layout_gridville,
          portal_ice_cave_entry_pillars_2
Temple:   hellmonk_temple_two_chambers
Lair:1:   layout_hall_layers, uniq_joseph
Lair:2:   dreamdust_labyrinth, layout_small_grid, minmay_shoals_entry_hut,
          gammafunk_ghost_abyssal_escape, infiniplex_staircase_pool, uniq_maggie
Lair:3:   layout_long_grid, spider_nest_entry_webs, grunt_forest_large_clearings
Lair:4:   layout_loops_ring, dpeg_slime_entry_corner, forest_entry_grove
Lair:5:   hellmonk_lair_end_abyssal_woods, layout_concentric_octagons,
          grunt_megastairs_4
Orc:1:    layout_caves, elves_outpost_lemuel, uniq_fannar, uniq_harold,
          uniq_maurice
Orc:2:    pf_orc_diabolical, layout_caves, basic_altar, lightli_church_of_beogh,
          uniq_urug
IceCv:    ice_cave_small_demon

Skill      XL: |  1  2  3  4  5  6  7  8  9 10 11 12 13 14 15 |
---------------+----------------------------------------------+-----
Ranged Weapons | 4 5 6 7 9 12 16 17 18 | 18.0
Unarmed Combat | 1 4 7 8 10 12 14 | 14.9
Invocations    | 1 4 7 8 10 13 14 | 14.9
Fighting       | 4 5 6 8 10 11 | 11.8
Stealth        | 1 3 4 |  4.2
Dodging        | 2 3 4 |  4.2
Armour         | 3 4 |  4.0

Action                     |  1- 3 |  4- 6 |  7- 9 | 10-12 | 13-15 | 16-18 || total
---------------------------+-------+-------+-------+-------+-------+-------++-------
  Melee: Unarmed           |       |       |       |     2 |   375 |     7 ||   384
         Punch             |       |       |       |       |    43 |     1 ||    44
   Fire: Shortbow          |   111 |   239 |   140 |   512 |    21 |       ||  1023
         Arbalest          |       |       |   193 |   319 |  1164 |       ||  1676
 Invoke: Line Pass         |       |       |       |     1 |     8 |       ||     9
         Grand Finale      |       |       |       |       |     1 |       ||     1
  Evoke: Wand              |       |       |       |     4 |     1 |       ||     5
         Phantom mirror    |       |       |       |     2 |     1 |       ||     3
    Use: Scroll            |     1 |    10 |     4 |    16 |    22 |       ||    53
         Potion            |       |     3 |     2 |     3 |    23 |     2 ||    33
   Stab: Paralysed         |       |       |       |     2 |    32 |       ||    34
 Armour: Leather armour    |    25 |    21 |     6 |       |       |       ||    52
         Ring mail         |       |       |    63 |    18 |       |       ||    81
         Swamp dragon scal |       |       |       |   195 |   430 |     1 ||   626
  Dodge: Dodged            |    60 |    93 |   109 |   216 |   756 |     4 ||  1238
  Block: Other             |       |       |       |    75 |   156 |       ||   231
